AoeStats
← Tonny

Oasis

509462856Analyzed
4v4 RM · 5d ago on Sep 26, 2026· 54m 33s· 8 players
Game mode
Random Map
Map size
Large (8 player)
Population
200
Speed
Normal
Resources
Standard
Victory
Conquest
Starting age
Dark Age
Ending age
Imperial Age
RankedLock teamsTeams togetherTeam positionsShared explorationLock speedFull tech treeHidden civsTurbo modeCheats
Victory
Defeat
🇩🇪 Vietnamese · Germany
876
+11
🇨🇴 Varangians · Colombia
864
+11
🇬🇧 Britons · United Kingdom
828
+12
🇩🇪 Chinese · Germany
815
+13
🇷🇺 Hindustanis · Russia
778
-13
🇷🇺 Britons · Russia
753
-12
🇷🇺 Goths · Russia
743
-11
🇷🇺 Turks · Russia
722
-11
Scamander
12:17 Feudal Age
14:13 Wheelbarrow
17:23 Castle Age
15:48 Double-Bit Axe
20:32 Padded Archer Armor
20:25 Fletching
27:40 Hand Cart
27:59 Leather Archer Armor
27:40 Bodkin Arrow
28:35 Bow Saw
29:17 Forging
29:15 Horse Collar
29:43 Squires
31:46 Murder Holes
32:14 Ballistics
32:04 Fortified Wall
35:15 Imperial Age
34:05 Thumb Ring
33:51 Town Watch
34:14 Scale Mail Armor
34:29 Caravan
36:07 Town Patrol
36:22 Elite Chu Ko Nu
37:09 Great Wall
38:15 Chemistry
37:06 Guard Tower
37:08 Heated Shot
37:10 Arrowslits
38:21 Ring Archer Armor
37:52 Bracer
39:45 Two-Man Saw
38:48 Heavy Plow
38:16 Elite Fire Lancer
51:51 Bombard Tower
52:07 Keep
ivanklaricnejla
0:35 Loom
11:32 Feudal Age
14:13 Double-Bit Axe
22:00 Castle Age
20:49 Stone Mining
20:50 Gold Mining
21:32 Horse Collar
22:40 Forging
22:35 Scale Barding Armor
22:31 Scale Mail Armor
22:22 Fletching
22:32 Padded Archer Armor
24:50 Stone Shaft Mining
24:39 Arson
24:55 Squires
25:24 Heavy Plow
25:38 Bow Saw
33:57 Imperial Age
33:55 Caravan
36:56 Two-Man Saw
36:28 Chain Barding Armor
36:23 Chain Mail Armor
36:44 Iron Casting
36:05 Bodkin Arrow
36:25 Leather Archer Armor
36:40 Pikeman
36:41 Elite Fire Lancer
37:25 Light Cavalry
38:16 Bloodlines
38:07 Husbandry
37:38 Elite Skirmisher
39:10 Crop Rotation
40:29 Wheelbarrow
39:30 Elite Battle Elephant
41:14 Hand Cart
42:26 Plate Mail Armor
42:31 Plate Barding Armor
42:08 Bracer
43:24 Chemistry
42:44 Ballistics
42:22 Murder Holes
42:40 Masonry
43:29 Ring Archer Armor
43:31 Cavalier
46:28 Halberdier
52:08 Chatras
51:29 Elite Rattan Archer
52:45 Hoardings
52:30 Paper Money
51:41 Sappers
51:35 Imperial Skirmisher
Chris
11:23 Feudal Age
12:53 Double-Bit Axe
14:29 Wheelbarrow
19:04 Castle Age
17:28 Horse Collar
18:17 Gold Mining
23:30 Bow Saw
23:28 Heavy Plow
24:45 Treadmill Crane
27:30 Murder Holes
30:26 Ballistics
30:59 Fletching
32:07 Bodkin Arrow
33:27 Yeomen
35:05 Forging
34:56 Scale Mail Armor
35:21 Hand Cart
34:51 Town Watch
34:44 Pikeman
35:25 Squires
35:41 Stone Mining
36:33 Gold Shaft Mining
37:08 Iron Casting
41:48 Imperial Age
39:05 Loom
39:27 Arson
40:38 Town Patrol
41:40 Padded Archer Armor
41:56 Chain Mail Armor
42:43 Halberdier
44:38 Conscription
46:03 Two-Man Saw
45:15 Elite Longbowman
45:58 Bracer
49:22 Blast Furnace
48:38 Leather Archer Armor
49:25 Chemistry
48:15 Arrowslits
Rivera Col
6:06 Loom
11:28 Feudal Age
12:23 Double-Bit Axe
20:51 Castle Age
19:32 Wheelbarrow
19:31 Horse Collar
23:51 Bow Saw
23:43 Heavy Plow
24:07 Scale Mail Armor
25:45 Squires
27:18 Pikeman
32:40 Forging
32:49 Hand Cart
36:23 Chain Mail Armor
38:39 Fletching
42:10 Imperial Age
41:42 Husbandry
41:52 Bloodlines
43:21 Iron Casting
42:49 Padded Archer Armor
44:06 Conscription
45:40 Elite Jarl
49:28 Ballistics
50:30 Gold Mining
50:33 Stone Mining
50:54 Scale Barding Armor
50:47 Bodkin Arrow
52:54 Elite Varangian Guard
52:57 Gothikon
55:10 Plate Mail Armor
54:45 Bracer
55:01 Leather Archer Armor
55:47 Blast Furnace
55:09 Chain Barding Armor
Tonny
9:52 Feudal Age
10:12 Loom
10:26 Double-Bit Axe
10:34 Horse Collar
19:47 Castle Age
19:19 Bloodlines
19:18 Scale Barding Armor
20:11 Forging
20:47 Wheelbarrow
21:08 Husbandry
22:41 Chain Barding Armor
22:39 Bow Saw
24:28 Town Watch
25:37 Fervor
25:33 Stone Mining
25:39 Gold Mining
29:30 Iron Casting
37:30 Imperial Age
35:02 Heavy Plow
35:23 Hand Cart
40:53 Gold Shaft Mining
42:45 Chemistry
41:37 Heavy Camel Rider
44:15 Imperial Camel Rider
48:49 Conscription
51:12 Plate Barding Armor
53:02 Shatagni
SAM[OGB]
0:31 Loom
12:23 Feudal Age
14:25 Double-Bit Axe
14:23 Horse Collar
23:26 Man-at-Arms
25:46 Fletching
28:19 Castle Age
28:11 Forging
28:48 Scale Mail Armor
30:27 Squires
30:55 Anarchy
31:36 Bodkin Arrow
32:48 Iron Casting
31:55 Pikeman
33:22 Padded Archer Armor
34:13 Bow Saw
38:28 Town Watch
GoDzilych
11:35 Feudal Age
9:50 Loom
12:10 Double-Bit Axe
12:22 Horse Collar
15:35 Stone Mining
15:36 Gold Mining
23:53 Bloodlines
26:54 Castle Age
24:49 Fletching
26:18 Forging
27:54 Bodkin Arrow
28:37 Husbandry
29:04 Scale Barding Armor
30:23 Fervor
30:04 Treadmill Crane
30:59 Bow Saw
30:53 Heavy Plow
33:15 Wheelbarrow
35:29 Ballistics
35:20 Fortified Wall
35:06 Murder Holes
46:06 Imperial Age
43:55 Hand Cart
44:53 Iron Casting
44:31 Masonry
Hello, this is scout!
8:43 Loom
11:22 Feudal Age
12:40 Double-Bit Axe
12:39 Horse Collar
12:55 Stone Mining
20:00 Castle Age
25:00 Heavy Plow
25:14 Bow Saw
24:56 Gold Mining
25:23 Caravan
26:26 Wheelbarrow
29:06 Padded Archer Armor
28:57 Fletching
29:54 Hand Cart
31:08 Ballistics
30:44 Murder Holes
32:01 Masonry
32:15 Leather Archer Armor
34:06 Bodkin Arrow
39:31 Imperial Age
38:38 Crossbowman
40:11 Yeomen
39:34 Arbalester
39:36 Cranequins
39:38 Heavy Mounted Crossbowman
41:11 Conscription
46:03 Ring Archer Armor
45:34 Bracer
45:34 Elite Longbowman
Connection lost

Rejoining the realm…

Still unreachable

The connection could not be restored.

Session expired

The server has moved on; the page needs a fresh start.